 Dungeon Crawl Stone Soup version 0.28-a0-969-g2dcde036d2 (webtiles) character file.

Game seed: 15476323858503616040

24098 Htamos the Nimble (level 12, 119/119 HPs)
             Began as a Troll Earth Elementalist on Dec 1, 2021.
             Was an Elder of Ashenzari.
             Quit the game on level 1 of the Lair of Beasts.
             The game lasted 00:46:50 (13468 turns).

Htamos the Nimble (Troll Earth Elementalist)       Turns: 13468, Time: 00:46:50

Health: 119/119    AC: 10    Str: 19    XL:     12   Next: 77%
Magic:  12/12      EV: 16    Int: 15    God:    Ashenzari [****..]
Gold:   841        SH:  8    Dex: 16    Spells: 10/13 levels left

rFire   . . .      SeeInvis +     - Unarmed
rCold   . . .      Faith    .   z - +1 kite shield of the Unveiling Heresy {Comp, Bglg} (curse)
rNeg    . . .      Spirit   .   o - +0 swamp dragon scales of the Cosmic Sage {rPois, Elem, Bglg} (curse)
rPois   +          Reflect  .   (helmet restricted)
rElec   .          Harm     .   y - +0 cloak of the Bound Yoke {Evo, Cun} (curse)
rCorr   .          Rampage  .   (gloves unavailable)
Will    .....      Clarity  +   (boots unavailable)
Stlth   ++........              (no amulet)
HPRegen 1.09/turn               a - ring of the Prophetic Paranoia {EV+4, Evo, Comp} (curse)
MPRegen 0.13/turn               C - ring "Submission of Ashenzari" {Dex+6, Comp, Fort} (curse)

@: no status effects
A: large, unfitting armour, claws 3, regeneration 1, shaggy fur 1, tough skin 1
a: Renounce Religion, Curse Item, Shatter the Chains


You were on level 1 of the Lair of Beasts.
You worshipped Ashenzari.
Ashenzari was greatly pleased with you.
You visited 4 branches of the dungeon, and saw 16 of its levels.
You also visited: Bailey and Volcano.

You collected 841 gold pieces.

Inventory:

Hand Weapons
 g - the +6 shortbow "Qyofe" {vorpal, Dex+2}
   (You took it off an orc on level 4 of the Dungeon)

   Any ammunition fired from it inflicts extra damage upon your enemies.
   Dex:       It affects your dexterity (+2).
 i - a +1 short sword of speed
 A - a +2 whip of venom
Missiles
 c - 403 stones
 q - 16 poisoned darts
Armour
 o - the cursed +0 swamp dragon scales of the Cosmic Sage (worn) {rPois, Elem, Bglg}
   (You took it off Maggie on level 7 of the Dungeon)

   rPois:     It protects you from poison.
   It has a curse which improves the following skills: Elements: Fire Magic, Ice
   Magic, Air Magic and Earth Magic.
   Beguiling: Conjurations, Hexes and Translocations.
 p - +0 steam dragon scales
 t - a +2 cloak
 y - the cursed +0 cloak of the Bound Yoke (worn) {Evo, Cun}
   (You found it on level 7 of the Dungeon)

   It has a curse which improves the following skills: Evocations: Evocations.
   Cunning:   Dodging and Stealth.
 z - the cursed +1 kite shield of the Unveiling Heresy (worn) {Comp, Bglg}
   (You found it on level 7 of the Dungeon)

   It has a curse which improves the following skills: Companions: Summonings
   and Necromancy.
   Beguiling: Conjurations, Hexes and Translocations.
 B - a +2 robe
Jewellery
 a - the cursed ring of the Prophetic Paranoia (left claw) {EV+4, Evo, Comp}
   (You found it on level 3 of the Dungeon)

   [ring of evasion]

   EV:        It affects your evasion (+4).
   It has a curse which improves the following skills: Evocations: Evocations.
   Companions: Summonings and Necromancy.
 u - a ring of ice
 w - a ring of resist corrosion
 C - the cursed ring "Submission of Ashenzari" (right claw) {Dex+6, Comp, Fort}
   (You found it on level 7 of the Dungeon)

   [ring of dexterity]

   Dex:       It affects your dexterity (+6).
   It has a curse which improves the following skills: Companions: Summonings
   and Necromancy.
   Fortitude: Armour and Shields.
Scrolls
 b - 3 scrolls of enchant armour
 d - 3 scrolls of noise
 e - 10 scrolls of identify {@rr}
 k - a scroll of fear
 n - a scroll of magic mapping
 r - a scroll of holy word
 s - a scroll of enchant weapon
Potions
 h - a potion of might
 j - 3 potions of attraction
 l - 2 potions of haste
 m - 3 potions of lignification


   Skills:
 + Level 8.0 Fighting
 * Level 10.6(12.9) Dodging
 - Level 1.0(2.3) Stealth
 + Level 9.6 Unarmed Combat
 - Level 1.2 Spellcasting
 + Level 5.4 Transmutations
 + Level 9.2(11.5) Earth Magic


You had 10 spell levels left.
You knew the following spells:

 Your Spells              Type           Power      Damage    Failure   Level
a - Sandblast             Erth           70%        2d15      2%          1
b - Passwall              Tmut/Erth      21%        N/A       12%         2

Your spell library contained the following spells:

 Spells                   Type           Power      Damage    Failure   Level
 Lee's Rapid Deconstruct  Erth           17%        3d12*     54%         5
 Stone Arrow              Conj/Erth      38%        3d9       56%         3
 Petrify                  Tmut/Erth      26%        N/A       63%         4
 Shock                    Conj/Air       8%         1d3       93%         1
 Gell's Gravitas          Tloc           2%         N/A       100%        3
 Lesser Beckoning         Tloc           2%         N/A       100%        3
 Portal Projectile        Hex/Tloc       4%         N/A       100%        3
 Swiftness                Air            1%         N/A       100%        3
 Teleport Other           Tloc           2%         N/A       100%        3
 Airstrike                Air            0%         N/A       100%        4
 Fulminant Prism          Conj/Hex       1%         3d6       100%        4
 Iskenderun's Mystic Bla  Conj/Tloc      2%         2d3       100%        4
 Blade Hands              Tmut           8%         N/A       100%        5
 Excruciating Wounds      Necr           1%         N/A       100%        5
 Dispersal                Tloc           1%         N/A       100%        6
 Chain Lightning          Conj/Air       1%         3d1       100%        9
 Fire Storm               Conj/Fire      1%         7d1       100%        9
 Shatter                  Erth           17%        3d16*     100%        9


Dungeon Overview and Level Annotations

Branches:
Dungeon (13/15)            Temple (1/1) D:5            Lair (1/6) D:8
    Orc (1/2) D:11         Bailey (visited)         Volcano (visited)
 Vaults: D:13-14

Altars:
Ashenzari
Cheibriados
Dithmenos
Elyvilon
Fedhas
Gozag
Hepliaklqana
Kikubaaqudgha
Makhleb
Nemelex Xobeh
Okawaru
Qazlal
Ru
Sif Muna
Trog
Uskayaw
Vehumet
Wu Jian
Xom
Yredelemnul
Zin
The Shining One

Shops:
D:3 [[([   D:5 =


Innate Abilities, Weirdness & Mutations

You are too large for most types of armour.
You have claws for hands.
Your natural rate of healing is unusually fast.
You are covered in fur. (AC +1)
You have tough skin. (AC +1)


Message History

The komodo dragon bites you.
You closely miss the komodo dragon.
The komodo dragon is heavily wounded.
You block the komodo dragon's attack.
You claw the komodo dragon!
The komodo dragon is almost dead.
The komodo dragon bites you!
You scratch the komodo dragon.
You kill the komodo dragon!
Found a +0 ring mail.
You open the door.
There is an open door here.
You see here a +0 ring mail.
A four-headed hydra comes into view.
The four-headed hydra roars!
A four-headed hydra is nearby!
You aren't carrying any items that you can evoke.
Okay, then.
Okay, then.
You aren't wearing any cursable items.
You see here a +0 ring mail.
There is an open door here.
There is an open door here.
You close the door.
Okay, then.
Okay, then.
You drop a scroll of identify {@rr}.
e - 10 scrolls of identify {@rr} (gained 1) Save game and exit?
Okay, then.
Saving game... please wait.
Options error: Bad object type '%' for autopickup. (~/.crawlrc:186) Welcome back, Htamos the Troll Earth Elementalist.
Ashenzari says: Partake of my vision.
Partake of my curse.
Press ? for a list of commands and other information.
Unknown command.
There's something in the way.
Autopickup is now off.
Autopickup is now on.
Are you sure you want to abandon this character and quit the game? (Confirm with "yes".)

* ##.......## *
##.#....P# ###########
######÷###
#.........####........#
,
,+..........###........#
, ,
#.........####........#
*#.........##..........#
,,
#.........##.#........#
#........D+@.#........#
#......D..###........[#
#.........####........#
###.'##.######........#
##[#### ##.#.#|.##### #
###.### #...........# #
###D.## #.P..#.#.##.#
#######P..###
#.P...#..÷..#
####.###..#####
*#.#...#..#..##


You could see a four-headed hydra.

Vanquished Creatures
  Kirke (D:13)
  2 boulder beetles
  6 two-headed ogres
  A skeletal warrior (D:12)
  Pikel (D:7)
  An ugly thing (D:13)
  3 cyclopes
  A salamander (Volcano)
  Maurice (D:8)
  2 gargoyles
  An unseen horror (D:10)
  Maggie (D:7)
  A freezing wraith (D:11)
  A komodo dragon (Lair:1)
  4 trolls
  6 wyverns
  Sigmund (D:2)
  A shadow (D:11)
  A fire bat (Volcano)
  3 wraiths
  9 yaks
  A hog (D:13)
  3 basilisks
  A steam dragon (D:8)
  2 vampire mosquitoes (D:10)
  Menkaure (D:6)
  7 water moccasins
  3 ice beasts
  17 orc warriors
  A sky beast (D:5)
  A swamp drake (D:11)
  A black bear (D:6)
  An ogre (Orc:1)
  A necrophage (D:6)
  18 centaurs
  A phantom (D:6)
  2 kobold brigands (D:10)
  3 bullfrogs
  A scorpion (D:6)
  A water moccasin skeleton (D:5)
  6 killer bees (D:11)
  3 wights (D:9)
  7 centaur zombies
  4 howler monkeys
  3 jellies
  A gnoll shaman (D:7)
  7 orc priests
  A centaur skeleton (D:5)
  7 iguanas
  Terence (D:2)
  12 orc wizards
  Ijyb (D:3)
  A killer bee zombie (D:7)
  A hound zombie (D:3)
  9 adders
  7 gnolls
  2 howler monkey zombies (D:9)
  2 shadow imps
  4 white imps
  An adder zombie (D:3)
  An adder skeleton (D:3)
  2 worms
  3 dart slugs
  62 orcs
  7 bats
  8 endoplasms
  6 giant cockroaches
  5 goblins
  6 hobgoblins
  4 jackals (D:5)
  7 ball pythons
  A ball python zombie (D:3)
  3 frilled lizards
  16 kobolds
  2 rats (D:2)
327 creatures vanquished.

Vanquished Creatures (collateral kills)
  A manticore (D:11)
  A fire bat (Volcano)
  A hell hound (Volcano)
  2 orcs (D:11)
5 creatures vanquished.

Vanquished Creatures (others)
  A human (D:13)
  An orc wizard (D:12)
  An orc (D:11)
  4 fungi
  19 plants
26 creatures vanquished.

Grand Total: 358 creatures vanquished

Notes
Turn   | Place    | Note
-------+----------+-------------------------------------------
     0 | D:1      | Htamos the Troll Earth Elementalist began the quest for the
                  | Orb.
     0 | D:1      | Reached XP level 1. HP: 16/16 MP: 1/1
    96 | D:1      | Reached XP level 2. HP: 26/26 MP: 2/2
   150 | D:1      | Reached skill level 1 in Unarmed Combat
   380 | D:1      | Reached skill level 1 in Fighting
   380 | D:1      | Reached XP level 3. HP: 30/33 MP: 3/3
   427 | D:1      | Found a faded altar of an unknown god.
   813 | D:2      | Noticed Sigmund
   934 | D:2      | Reached XP level 4. HP: 41/41 MP: 4/4
  1090 | D:2      | Noticed Terence
  1096 | D:2      | Killed Terence
  1106 | D:2      | Learned a level 2 spell: Passwall
  1536 | D:2      | HP: 2/42 [Sigmund (10)]
  1544 | D:2      | Killed Sigmund
  1545 | D:2      | Reached XP level 5. HP: 12/50 MP: 5/5
  1545 | D:2      | Reached XP level 6. HP: 14/59 MP: 6/6
  1674 | D:3      | Found Jomublok's Armour Shoppe.
  1749 | D:3      | Found Duklel's Antique Weapon Boutique.
  1895 | D:3      | Noticed Ijyb
  1907 | D:3      | Killed Ijyb
  2127 | D:3      | Found Fiubo's Armour Shop.
  2147 | D:3      | Found a glowing silver altar of Zin.
  2147 | D:3      | Noticed an angel
  2266 | D:3      | Found Soij's Armour Shoppe.
  2806 | D:4      | Noticed a water moccasin
  2840 | D:4      | Identified the +6 shortbow "Qyofe" {vorpal, Dex+2}
  2901 | D:4      | Killed a water moccasin
  2902 | D:4      | Reached skill level 2 in Dodging
  2902 | D:4      | Reached XP level 7. HP: 53/67 MP: 7/7
  3113 | D:5      | Entered Level 5 of the Dungeon
  3243 | D:5      | Found a staircase to the Ecumenical Temple.
  3267 | Temple   | Entered the Ecumenical Temple
  3358 | Temple   | Became a worshipper of Ashenzari the Shackled
  3544 | D:5      | Found Jagucueh's Jewellery Boutique.
  4172 | D:5      | Reached skill level 3 in Dodging
  4172 | D:5      | Reached skill level 5 in Earth Magic
  4281 | D:6      | Noticed Menkaure
  4297 | D:6      | Killed Menkaure
  4298 | D:6      | Reached XP level 8. HP: 61/78 MP: 8/8
  4471 | D:6      | Reached skill level 4 in Dodging
  4471 | D:6      | Reached skill level 5 in Unarmed Combat
  4976 | D:7      | Noticed Maggie
  4989 | D:7      | Killed Maggie
  4990 | D:7      | Reached skill level 5 in Dodging
  5258 | D:7      | Found a glowing golden altar of the Shining One.
  5259 | D:7      | Found a blossoming altar of Fedhas.
  5260 | D:7      | Found an opulent altar of Gozag.
  5272 | D:7      | Reached XP level 9. HP: 85/85 MP: 9/9
  5645 | D:7      | Noticed Pikel
  5650 | D:7      | Killed Pikel
  5651 | D:7      | Reached skill level 5 in Fighting
  5651 | D:7      | Reached skill level 6 in Dodging
  5682 | D:7      | Found a snail-covered altar of Cheibriados.
  5684 | D:7      | Found a burning altar of Makhleb.
  5926 | D:8      | You fall into a shaft and drop 2 floors!
  5926 | D:10     | Entered Level 10 of the Dungeon
  5972 | D:9      | Found a flagged portal.
  6018 | Bailey   | Entered a bailey
  6038 | Bailey   | Reached skill level 1 in Transmutations
  6906 | Bailey   | Reached XP level 10. HP: 89/96 MP: 10/10
  7651 | D:9      | Reached skill level 7 in Dodging
  8411 | D:9      | Identified the +1 pair of boots "Tomal" {rF+ Dex+3}
  8728 | D:10     | Reached * piety under Ashenzari
  8903 | D:10     | Found a basalt altar of Yredelemnul.
  9069 | D:10     | Reached ** piety under Ashenzari
  9122 | D:10     | Found a stormy altar of Qazlal.
  9122 | D:10     | Found a sacrificial altar of Ru.
  9129 | D:10     | Found a shimmering altar of Xom.
  9131 | D:10     | Found an ornate altar of the Wu Jian Council.
  9133 | D:10     | Found an iron altar of Okawaru.
  9169 | D:11     | Noticed a two-headed ogre
  9333 | D:8      | Reached skill level 8 in Dodging
  9382 | D:8      | Found a staircase to the Lair.
  9421 | D:8      | Reached XP level 11. HP: 89/106 MP: 11/11
  9762 | D:8      | Noticed Maurice
  9782 | D:8      | Killed Maurice
 10214 | D:7      | Reached *** piety under Ashenzari
 10282 | D:11     | Noticed a two-headed ogre
 10282 | D:11     | Noticed a boulder beetle
 10350 | D:10     | Killed a two-headed ogre
 10499 | D:11     | Killed a boulder beetle
 10506 | D:11     | Identified the +3 leather armour "Forget-Me-Not" {rPois}
 10642 | D:11     | Reached skill level 9 in Dodging
 10706 | D:10     | Killed a two-headed ogre
 11018 | D:11     | Noticed a two-headed ogre
 11053 | D:10     | Killed a two-headed ogre
 11288 | D:11     | Found a staircase to the Orcish Mines.
 11297 | D:11     | Reached XP level 12. HP: 85/118 MP: 12/12
 11623 | Orc:1    | Entered Level 1 of the Orcish Mines
 11627 | Orc:1    | Reached **** piety under Ashenzari
 11776 | D:12     | Noticed a boulder beetle
 11834 | D:12     | Killed a boulder beetle
 11921 | D:12     | Noticed a two-headed ogre
 11931 | D:12     | Killed a two-headed ogre
 12173 | D:12     | Noticed a two-headed ogre
 12184 | D:12     | Killed a two-headed ogre
 12254 | D:12     | Reached skill level 10 in Dodging
 12361 | D:13     | Noticed a two-headed ogre
 12376 | D:12     | Killed a two-headed ogre
 12377 | D:12     | Reached skill level 5 in Transmutations
 12421 | D:13     | Noticed Kirke
 12439 | D:13     | Killed Kirke
 12784 | D:13     | Noticed a death knight
 12989 | Lair:1   | Entered Level 1 of the Lair of Beasts
 13112 | Lair:1   | Found a dark tunnel.
 13131 | Volcano  | Entered a volcano
 13144 | Volcano  | Noticed a two-headed ogre
 13180 | Volcano  | Noticed a two-headed ogre
 13183 | Volcano  | Noticed a two-headed ogre
 13248 | Lair:1   | HP: 5/119 [lindwurm/blast of flame (29)]
 13426 | Lair:1   | Noticed a four-headed hydra
 13468 | Lair:1   | Quit the game

Illustrated notes

Levels and vault maps discovered:
D:1:      erik_arrival_triangle_small, layout_loops_ring,
          shapermc_ecumenical_altar_venn, minivault_25,
          hangedman_decor_peaks_small, nicolae_grassy_gnolls
D:2:      layout_loops_ring, skrybe_limestone_x, uniq_sigmund, uniq_terence
D:3:      layout_loops_ring, zin_angel, serial_shops, nicolae_shop_statue_plus,
          nicolae_square_shop, nicolae_lakefront_shop, nicolae_shop_waterfront,
          serial_undead, serial_undead_c, serial_undead_d, serial_undead_a,
          serial_undead_a, uniq_ijyb
D:4:      layout_rooms, grunt_decor_junction
D:5:      layout_basic, minmay_temple_entry_statues_pillars, serial_shops, shop
D:6:      layout_gridville, serial_park_tiny_pond, uniq_menkaure
D:7:      layout_loops_ring, nicolae_overflow_hidden_temple, uniq_pikel,
          uniq_maggie
D:8:      layout_basic, minmay_lair_entry_grove, minmay_increasing_density,
          uniq_maurice
D:9:      layout_loops_corners, enter_bailey_2
D:10:     layout_irregular_city, chequers_temple_overflow_minitemple,
          mainiacjoe_overflow_cross_hatched
D:11:     layout_big_octagon, erik_orc_1, st_stairs_11
D:12:     layout_roguey
D:13:     layout_rooms, uniq_kirke
Temple:   cyrus_temple_forest
Lair:1:   layout_roguey, nicolae_volcano_entry_vermiform, uniq_harold
Orc:1:    layout_diamond_mine

Skill      XL: |  1  2  3  4  5  6  7  8  9 10 11 12 |
---------------+-------------------------------------+-----
Unarmed Combat | 1 2 3 4 5 6 7 8 9 |  9.6
Earth Magic    | 3 4 5 6 7 8 9 |  9.2
Fighting       | 1 2 3 4 5 6 7 8 |  8.0
Dodging        | 2 3 5 6 8 9 10 | 10.6
Transmutations | 1 3 4 5 |  5.4
Stealth        | |  1.0
Spellcasting   | |  1.2

Action                   |  1- 3 |  4- 6 |  7- 9 | 10-12 || total
-------------------------+-------+-------+-------+-------++-------
Melee: Unarmed           |   101 |   166 |   424 |   871 ||  1562
       Punch             |       |     3 |     3 |       ||     6
Throw: Dart              |       |       |     4 |       ||     4
 Cast: Sandblast         |       |     4 |     9 |       ||    13
Invok: Curse Item        |       |       |     1 |     5 ||     6
       Shatter the Chain |       |       |     1 |       ||     1
Evoke: Wand              |       |       |    11 |    11 ||    22
  Use: Scroll            |       |     8 |     4 |     7 ||    19
       Potion            |       |     1 |    13 |     6 ||    20
 Stab: Sleeping          |     3 |     1 |       |       ||     4
       Distracted        |     1 |       |       |       ||     1
       Confused          |       |       |       |     2 ||     2
Armor: Robe              |    57 |    50 |    81 |       ||   188
       Skin              |       |     3 |    16 |       ||    19
       Swamp dragon scal |       |       |    37 |   349 ||   386
Dodge: Dodged            |    57 |    66 |   307 |   619 ||  1049
Block: Kite shield       |       |       |    98 |   397 ||   495

Table legend: (Time is in decaauts)
 A = Elapsed time spent in this place.
 B = Non-inter-level travel time spent in this place.
 C = Inter-level travel time spent in this place.
 D = Time resting spent in this place.
 E = Time spent auto-exploring this place.
 F = Levels seen in this place.
 G = Mean time per level.
                   A        B        C        D        E       F      G
               +--------+--------+--------+--------+--------+-----+--------+
         Total |  13706 |  12945 |    761 |    439 |   7384 |  18 |  761.4 |
       Dungeon |  11443 |  10723 |    720 |    326 |   6952 |  13 |  880.2 |
        Temple |    113 |     72 |     41 |      0 |     40 |   1 |  113.0 |
          Lair |    370 |    370 |      0 |     73 |     55 |   1 |  370.0 |
  Orcish Mines |     53 |     53 |      0 |      0 |     26 |   1 |   53.0 |
        Bailey |   1608 |   1608 |      0 |     40 |    311 |   1 | 1608.0 |
       Volcano |    116 |    116 |      0 |      0 |      0 |   1 |  116.0 |
               +--------+--------+--------+--------+--------+-----+--------+

Top non-repeatable levels by time:
  Bailey: 1608 daAuts
    D:10: 1267 daAuts
     D:8: 1229 daAuts
    D:11: 1160 daAuts
     D:9: 960 daAuts
     D:3: 919 daAuts
     D:5: 913 daAuts
     D:7: 866 daAuts
    D:12: 865 daAuts
     D:2: 852 daAuts
     D:6: 785 daAuts
     D:1: 756 daAuts
     D:4: 572 daAuts
  Lair:1: 370 daAuts
    D:13: 292 daAuts
